 Dungeon Crawl Stone Soup version 0.22-a0-161-g198051c (webtiles) character file.

14602 KristoblXynda the Carver (level 12, -23/92 HPs)
             Began as a Hill Orc Fighter on Feb 11, 2018.
             Was an Elder of Beogh.
             Annihilated by a large slime creature (38 damage)
             ... on level 11 of the Dungeon.
             The game lasted 00:28:16 (14758 turns).

KristoblXynda the Carver (Hill Orc Fighter)        Turns: 14758, Time: 00:28:17

Health: -23/92     AC: 11    Str: 24    XL:     12   Next: 18%
Magic:  16/16      EV:  9    Int: 13    God:    Beogh [****..]
Gold:   662        SH: 13    Dex: 13    Spells: 11/11 levels left

rFire    . . .     SeeInvis +   l - +2 scimitar
rCold    + . .     Gourm    .   c - +0 shield
rNeg     . . .     Faith    .   H - +2 ring mail {rC+}
rPois    .         Spirit   .   (no helmet)
rElec    .         Reflect  .   (no cloak)
rCorr    .         Harm     .   x - +0 pair of gloves {Dex+3}
MR       .....                  (no boots)
Stlth    +.........             (no amulet)
HPRegen  0.25/turn              d - +5 ring of strength
MPRegen  0.15/turn              s - ring of see invisible

@: about to teleport
A: clever 1, screaming 1, weak 1, subdued magic 1
a: Smiting, Recall Orcish Followers, Renounce Religion


You were on level 11 of the Dungeon.
You worshipped Beogh.
Beogh was greatly pleased with you.
You were not hungry.

You visited 3 branches of the dungeon, and saw 14 of its levels.

You collected 870 gold pieces.
You spent 208 gold pieces at shops.

Inventory:

Hand Weapons
 a - a +1 long sword of electrocution
 l - a +2 scimitar (weapon)
Missiles
 g - 2 throwing nets (quivered)
Armour
 c - a +0 shield (worn)
 x - a +0 pair of gloves of dexterity (worn)
 C - a +0 troll leather armour
 H - a +2 ring mail of cold resistance (worn)
Jewellery
 d - a +5 ring of strength (left hand)
 e - an uncursed ring of resist corrosion
 p - an uncursed ring of flight
 s - a ring of see invisible (right hand)
 E - a +3 ring of protection
Wands
 i - a wand of scattershot (5)
 t - a wand of iceblast (11)
 u - a wand of paralysis (6)
 B - a wand of disintegration (24)
Scrolls
 k - 4 scrolls of enchant weapon
 m - 2 scrolls of amnesia
 n - 2 scrolls of blinking
 q - 3 scrolls of immolation
 r - a scroll of enchant armour
 y - a scroll of fear
Potions
 b - a potion of curing
 j - a potion of agility
 o - 4 potions of brilliance
 v - a potion of heal wounds
 w - 2 potions of magic
Books
 z - a book of Unlife

   Spells                             Type                      Level
   a - Recall                         Summoning/Translocation      3
   b - Animate Dead                   Necromancy                   4
   c - Borgnjor's Vile Clutch         Necromancy/Earth             5
   d - Death Channel                  Necromancy                   6
   e - Simulacrum                     Ice/Necromancy               6
Miscellaneous
 G - a fan of gales
Comestibles
 f - 12 rations


   Skills:
 + Level 4.6 Fighting
 + Level 13.7 Long Blades
 + Level 11.1 Armour
 + Level 11.0 Shields
 - Level 5.4 Invocations


You had 11 spell levels left.
You didn't know any spells.

Dungeon Overview and Level Annotations

Branches:
Dungeon (12/15)            Temple (1/1) D:6            Lair (1/6) D:10
    Orc (0/2) D:11

Altars:
Ashenzari
Cheibriados
Dithmenos
Elyvilon
Fedhas
Gozag
Hepliaklqana
Kikubaaqudgha
Makhleb
Nemelex Xobeh
Okawaru
Qazlal
Ru
Sif Muna
Trog
Uskayaw
Vehumet
Wu Jian
Xom
Yredelemnul
Zin
The Shining One

Shops:
D:9 %   D:12 !


Innate Abilities, Weirdness & Mutations

Your mind is acute. (Int +2)
You occasionally shout uncontrollably at your foes.
You are weak. (Str -2)
Your spells are a little easier to cast, but a little less powerful.


Message History

t - Shout!
Orders for allies: a - Attack new target. p - Attack previous target. r - Retreat! s - Stop attacking. g - Guard the area. f - Follow me.
Anything else - Cancel.
Gang up on whom?
Press: ? - help, Dir - move target cursor, f/p - large slime creature
Aim: a large slime creature (lightly wounded) Attack!
The large slime creature closely misses you.
Evoke which item? (* to show all) (? for menu, Esc to quit)
Aiming: Paralyse
Press: ? - help, Shift-Dir - straight line, f/p - large slime creature
Aim: a large slime creature (lightly wounded, chance to defeat MR: 28%)
The large slime creature easily resists.
The large slime creature hits you!!
* * * LOW HITPOINT WARNING * * *
As you read the scroll of teleportation, it crumbles to dust.
You feel strangely unstable. The large slime creature hits you!!!
You die...

#..........##
######.####.......
#......# ##...###
#.###### ##.## #.#
#รท# #####.#### #>#
#........# ##'##
#.###J##.# ##...## #.#
#@##.# ##.....##
#.###.#..# ##.......#
#........####.........
#...........'.........
#..##.....###.........
#..##.#...# ##.......#
#..##..#..# ##.....##
#..###.#..# ##...##
#..###.#..# ##+##


You could see a large slime creature.

Vanquished Creatures
  2 two-headed ogres (D:10)
  3 death yaks (D:10)
  A manticore (D:10)
  3 ugly things
  The ghost of vishdafish the Slasher, a novice DsSk of Cheibriados (D:5)
  A centaur skeleton (D:10)
  A kobold demonologist (D:11)
  2 trolls
  A hippogriff (D:8)
  Sigmund (D:2)
  2 wraiths
  2 wyverns
  7 yaks
  4 hungry ghosts
  Menkaure (D:7)
  Duvessa (D:5)
  3 water moccasins
  3 orc warriors
  An ice beast (D:6)
  A phantom (D:11)
  3 black bears
  4 sky beasts
  A necrophage (D:8)
  6 ogres
  10 centaurs
  2 big kobolds (D:11)
  Blork the orc (D:5)
  10 bullfrogs
  Dowan (D:5)
  A water moccasin zombie (D:6)
  4 scorpions
  3 wights (D:11)
  3 howler monkeys
  4 crimson imps
  A bullfrog zombie (D:11)
  3 orc priests
  2 centaur zombies
  5 hounds
  4 jellies
  2 orc wizards
  A bullfrog skeleton (D:12)
  Jessica (D:2)
  A hell rat (D:10)
  7 iguanas
  9 worker ants
  6 ogre zombies (D:11)
  3 hound zombies
  A hound skeleton (D:7)
  A gnoll (D:1)
  11 adders
  2 shadow imps
  An ooze (D:4)
  An adder skeleton (D:5)
  5 worms
  2 dart slugs
  3 leopard geckos
  34 orcs
  3 ball pythons
  6 bats
  5 giant cockroaches
  4 hobgoblins
  7 jackals
  8 kobolds
  2 quokkas
  7 frilled lizards
  6 goblins
  4 goblin zombies (D:11)
  3 hobgoblin zombies (D:11)
  A leopard gecko skeleton (D:8)
  A leopard gecko zombie (D:5)
  2 orc skeletons (D:11)
  14 orc zombies (D:11)
  6 rats
  2 fungi (D:5)
281 creatures vanquished.

Vanquished Creatures (collateral kills)
  A centaur (D:11)
  2 ogre zombies (D:11)
  A quokka (D:11)
  An orc zombie (D:11)
5 creatures vanquished.

Vanquished Creatures (others)
  An orc priest (D:11)
  2 orcs
  A quokka (D:6)
4 creatures vanquished.

Grand Total: 290 creatures vanquished

Notes
Turn   | Place    | Note
-------+----------+-------------------------------------------
     0 | D:1      | KristoblXynda the Hill Orc Fighter began the quest for the Orb.
     0 | D:1      | Reached XP level 1. HP: 19/19 MP: 1/1
   318 | D:1      | Reached XP level 2. HP: 26/26 MP: 2/2
   410 | D:1      | Reached skill level 3 in Long Blades
   525 | D:1      | Reached XP level 3. HP: 31/31 MP: 3/3
   960 | D:2      | Noticed Jessica
   961 | D:2      | You fall through a shaft!
  1032 | D:3      | Found a sacrificial altar of Ru.
  1478 | D:3      | Noticed a bullfrog
  1490 | D:3      | Killed a bullfrog
  1490 | D:3      | Reached skill level 4 in Long Blades
  1490 | D:3      | Reached XP level 4. HP: 24/39 MP: 4/4
  1828 | D:2      | Killed Jessica
  1828 | D:2      | Reached XP level 5. HP: 44/45 MP: 5/5
  2142 | D:2      | Noticed Sigmund
  2158 | D:2      | Killed Sigmund
  2158 | D:2      | Reached skill level 5 in Long Blades
  2158 | D:2      | Reached XP level 6. HP: 16/51 MP: 6/6
  2931 | D:4      | Reached skill level 5 in Armour
  2968 | D:4      | Reached skill level 6 in Long Blades
  2968 | D:4      | Reached skill level 5 in Shields
  2968 | D:4      | Reached XP level 7. HP: 17/57 MP: 7/7
  3727 | D:5      | Entered Level 5 of the Dungeon
  4112 | D:5      | Reached skill level 7 in Long Blades
  4112 | D:5      | Reached XP level 8. HP: 53/64 MP: 8/8
  4431 | D:5      | Noticed Blork the orc
  4449 | D:5      | Killed Blork the orc
  4664 | D:5      | Noticed vishdafish's ghost (novice DsSk)
  4681 | D:5      | Gained mutation: You expend magic power (3 MP) to strengthen your wands. [potion of mutation]
  4681 | D:5      | Gained mutation: Potions are less effective at restoring your health. [potion of mutation]
  4681 | D:5      | Gained mutation: You tend to lose your temper in combat. [potion of mutation]
  4681 | D:5      | Lost mutation: You tend to lose your temper in combat. [potion of mutation]
  4695 | D:5      | Killed vishdafish's ghost
  4695 | D:5      | Reached skill level 8 in Long Blades
  4892 | D:5      | Noticed Duvessa
  4892 | D:5      | Noticed Dowan
  4903 | D:5      | Killed Duvessa
  4910 | D:5      | Killed Dowan
  5154 | D:5      | Reached XP level 9. HP: 52/70 MP: 9/9
  5162 | D:5      | Reached skill level 9 in Long Blades
  5255 | D:6      | Became a worshipper of Beogh the Brigand
  5261 | D:6      | Got a faintly humming leather armour
  5442 | D:6      | Identified the +1 leather armour "Muecarr" {rN++ Dex-5 Slay+5} (You found it on level 6 of the Dungeon)
  5465 | D:6      | Found a blossoming altar of Fedhas.
  6188 | D:6      | Found a staircase to the Ecumenical Temple.
  6216 | Temple   | Entered the Ecumenical Temple
  6742 | D:7      | Noticed Menkaure
  6750 | D:7      | Killed Menkaure
  6934 | D:7      | Reached skill level 10 in Long Blades
  7644 | D:7      | Found a stormy altar of Qazlal.
  8125 | D:8      | Found a white marble altar of Elyvilon.
  8173 | D:8      | Reached * piety under Beogh
  8371 | D:8      | Reached XP level 10. HP: 24/77 MP: 10/10
  8692 | D:8      | Reached skill level 11 in Long Blades
  8724 | D:8      | HP: 2/77 [orc warrior/trident (9)]
  8729 | D:8      | Noticed a centaur warrior
  9015 | D:8      | Noticed a cyan ugly thing
  9331 | D:8      | Killed a cyan ugly thing
  9969 | D:9      | Found Yrete's Food Shop.
 10309 | D:9      | Found a sparkling altar of Nemelex Xobeh.
 10310 | D:9      | Found a bloodstained altar of Trog.
 10400 | D:9      | Found a basalt altar of Yredelemnul.
 10403 | D:9      | Found a shimmering altar of Xom.
 10451 | D:10     | Entered Level 10 of the Dungeon
 10460 | D:10     | Reached skill level 12 in Long Blades
 10533 | D:10     | Noticed a death yak
 10538 | D:10     | Noticed a death yak
 10555 | D:10     | Noticed a death yak
 10556 | D:10     | Killed a death yak
 10557 | D:10     | Noticed a two-headed ogre
 10561 | D:10     | Reached XP level 11. HP: 43/82 MP: 8/11
 10573 | D:10     | Killed a death yak
 10581 | D:10     | Found a staircase to the Lair.
 10786 | D:10     | Reached ** piety under Beogh
 10984 | D:10     | Noticed a two-headed ogre
 11001 | D:10     | Killed a death yak
 11001 | D:10     | Reached skill level 1 in Invocations
 11308 | D:10     | Killed a two-headed ogre
 11308 | D:10     | Reached skill level 10 in Armour
 11308 | D:10     | Reached skill level 10 in Shields
 11314 | D:10     | Reached skill level 13 in Long Blades
 11762 | D:10     | Killed a two-headed ogre
 12273 | D:10     | Noticed a manticore
 12288 | D:10     | Killed a manticore
 12653 | Lair:1   | Entered Level 1 of the Lair of Beasts
 12811 | D:11     | Found a staircase to the Orcish Mines.
 13187 | D:11     | Reached *** piety under Beogh
 13257 | D:11     | Reached skill level 5 in Invocations
 13511 | D:11     | Reached **** piety under Beogh
 13731 | D:11     | Found a shimmering altar of Xom.
 13904 | D:11     | Reached XP level 12. HP: 91/91 MP: 16/16
 14361 | D:12     | Found Kadwil's Distillery.
 14526 | D:12     | Bought 2 potions of mutation for 208 gold pieces
 14526 | D:12     | Lost mutation: You expend magic power (3 MP) to strengthen your wands. [potion of mutation]
 14526 | D:12     | Lost mutation: Potions are less effective at restoring your health. [potion of mutation]
 14526 | D:12     | Gained mutation: You are frail. (-10% HP) [potion of mutation]
 14526 | D:12     | Gained mutation: You are partially covered in molten scales. (AC +2) [potion of mutation]
 14526 | D:12     | Gained mutation: You have sharp fingernails. [potion of mutation]
 14527 | D:12     | Lost mutation: You are frail. (-10% HP) [potion of mutation]
 14527 | D:12     | Lost mutation: You have sharp fingernails. [potion of mutation]
 14527 | D:12     | Lost mutation: You are partially covered in molten scales. (AC +2) [potion of mutation]
 14527 | D:12     | Gained mutation: You are weak. (Str -2) [potion of mutation]
 14527 | D:12     | Gained mutation: Your spells are a little easier to cast, but a little less powerful. [potion of mutation]
 14527 | D:12     | Gained mutation: You occasionally shout uncontrollably at your foes. [potion of mutation]
 14527 | D:12     | Gained mutation: Your mind is acute. (Int +2) [potion of mutation]
 14622 | D:11     | HP: 2/92 [large slime creature (12)]
 14758 | D:11     | Annihilated by a large slime creature

Vault maps used:
D:1:      elethiomel_arrival_fortress_basement, minmay_pentomino_q2
D:2:      minmay_diamond_boxcup, uniq_jessica, uniq_sigmund
D:3:      nicolae_ru_awakened_eye
D:5:      first_ration, minmay_gold_behind_fungi, uniq_blork_the_orc,
          uniq_duvessa
D:6:      minmay_temple_entry_junction_2, basic_altar
D:7:      kennysheep_mini, uniq_menkaure
D:8:      minmay_the_grid_triangle_9x9_rhombus_thin, old_standard_altar
D:9:      nicolae_overflow_hidden_temple, serial_shops,
          nicolae_shop_window_shopping
D:10:     dpeg_lair_monsters
D:11:     zombieorc2_lemuel, lemuel_centaur_altar
D:12:     serial_shops, shop
Temple:   regret_index_temple_generic_petals
Lair:1:   grunt_megastairs_1, lemuel_fruit_tree, serial_bayou_shore_b,
          uniq_nergalle

Skill      XL: |  1  2  3  4  5  6  7  8  9 10 11 12 |
---------------+-------------------------------------+-----
Long Blades    | 3 4 5 6 7 8 10 12 13 | 13.7
Armour         | 4 5 6 8 9 10 11 | 11.1
Shields        | 4 5 6 8 9 10 11 | 11.0
Invocations    | 5 |  5.4
Fighting       | 4 |  4.6

Action                   |  1- 3 |  4- 6 |  7- 9 | 10-12 || total
-------------------------+-------+-------+-------+-------++-------
Melee: Long sword        |   143 |   156 |   466 |    99 ||   864
       Scimitar          |       |       |       |   625 ||   625
Throw: Javelin           |       |     5 |    10 |     3 ||    18
Invok: Convert to Beogh  |       |       |     1 |       ||     1
Evoke: Wand              |       |       |     2 |    17 ||    19
  Use: Potion            |       |     4 |     5 |    11 ||    20
       Scroll            |       |     3 |     4 |    21 ||    28
 Stab: Paralysed         |       |       |     3 |    19 ||    22
       Invisible         |       |       |       |     7 ||     7
  Eat: Chunk             |     2 |     5 |    10 |     6 ||    23
       Ration            |       |       |     3 |     6 ||     9
Armor: Scale mail        |    62 |    60 |   138 |    26 ||   286
       Ring mail         |       |       |       |   131 ||   131
Dodge: Dodged            |    46 |    51 |   126 |   169 ||   392
Block: Shield            |    55 |    80 |   215 |   323 ||   673
       Rpst.: Long sword |    14 |    16 |    39 |     4 ||    73
       Scimitar          |       |       |       |    33 ||    33

Table legend:
 A = Spawn XP
 B = Non-spawn XP
 C = Spawn XP percentage of total XP
 D = Spawn monster count
 E = Non-spawn monster count
 F = Spawn count percentage of total count
 G = Total turns spent on level
                    A         B        C        D         E        F      G
               +---------+---------+-------+---------+---------+-------+---------
         Total |       0 |   20860 |   0.0 |       0 |     284 |   0.0 | 14758
               +---------+---------+-------+---------+---------+-------+---------
           D:1 |       0 |      42 |   0.0 |       0 |      17 |   0.0 |   932
           D:2 |       0 |     392 |   0.0 |       0 |      31 |   0.0 |   997
           D:3 |       0 |     119 |   0.0 |       0 |      14 |   0.0 |   888
           D:4 |       0 |     349 |   0.0 |       0 |      14 |   0.0 |   910
           D:5 |       0 |    1548 |   0.0 |       0 |      22 |   0.0 |  1515
           D:6 |       0 |     792 |   0.0 |       0 |      22 |   0.0 |  1180
           D:7 |       0 |     392 |   0.0 |       0 |       6 |   0.0 |  1462
           D:8 |       0 |    3160 |   0.0 |       0 |      32 |   0.0 |  1444
           D:9 |       0 |     766 |   0.0 |       0 |       7 |   0.0 |  1600
          D:10 |       0 |    7905 |   0.0 |       0 |      40 |   0.0 |  1835
          D:11 |       0 |    3384 |   0.0 |       0 |      69 |   0.0 |  1530
          D:12 |       0 |    2011 |   0.0 |       0 |      10 |   0.0 |   262
               +---------+---------+-------+---------+---------+-------+---------
